 Dungeon Crawl Stone Soup version 0.30-b1-2-g02819fbbbe (webtiles) character file.

Game seed: 15012115529328797353

69770 LLlMATKO the Severer (level 14, 0/199 HPs)
             Began as a Minotaur Berserker on Nov 8, 2023.
             Was a High Priest of Trog.
             Succumbed to poison (dark miasma)
             ... on level 14 of the Dungeon.
             The game lasted 00:22:19 (22485 turns).

LLlMATKO the Severer (Minotaur Berserker)          Turns: 22485, Time: 00:22:20

Health: 0/199      AC: 25    Str: 28    XL:     14   Next: 91%
Magic:  13/13      EV: 26    Int:  4    God:    Trog [*****.]
Gold:   1181       SH:  8    Dex:  9    Spells: 13/13 levels left

rFire   + + .        D - +2 broad axe (flame)
rCold   . . .        C - +1 buckler
rNeg    . . .        W - +2 plate armour {rF+}
rPois   .            (helmet restricted)
rElec   .            V - +0 cloak
rCorr   .            x - +2 pair of gloves
SInv    .            s - +0 pair of boots
Will    +....        z - amulet of the acrobat Stlth
                     l - ring of protection from fire
HPRegen 0.53/turn    J - ring of flight
MPRegen 0.13/turn

%: acrobat
@: berserking, lethally poisoned (0 -> -59), acrobatic, flying, slowed, studying
Axes
A: horns 2, retaliatory headbutt
a: Renounce Religion, Berserk, Trog's Hand, Brothers in Arms


You were on level 14 of the Dungeon.
You worshipped Trog.
Trog was extremely pleased with you.
You visited 2 branches of the dungeon, and saw 19 of its levels.
You also visited: Ossuary.

You collected 2035 gold pieces.
You spent 854 gold pieces at shops.

Inventory:

Hand Weapons
 m - a +0 war axe
 w - a +0 war axe
 B - a +0 war axe
 D - a +2 broad axe of flaming (weapon)
 E - a +4 hand axe of freezing
 G - a +4 war axe of freezing
Missiles
 H - 4 throwing nets (quivered)
Armour
 s - a +0 pair of boots (worn)
 x - a +2 pair of gloves (worn)
 C - a +1 buckler (worn)
 V - a +0 cloak (worn)
 W - a +2 plate armour of fire resistance (worn)
Jewellery
 b - a ring of ice
 l - a ring of protection from fire (left hand)
 z - an amulet of the acrobat (around neck)
 J - a ring of flight (right hand)
 P - a ring of protection from fire
 Q - a ring of ice
 R - a ring of ice
 S - a +5 ring of evasion
 Y - a +4 ring of slaying
Wands
 u - a wand of roots (17)
 F - a wand of light (10)
 I - a wand of paralysis (10)
 N - a wand of flame (18)
 U - a wand of polymorph (11)
 X - a wand of mindburst (18)
Scrolls
 c - 4 scrolls of enchant armour
 e - 2 scrolls of noise
 h - 27 scrolls of identify
 j - 3 scrolls of fear
 k - 8 scrolls of teleportation
 o - a scroll of poison
 q - 3 scrolls of immolation
 v - 4 scrolls of fog
 y - 4 scrolls of vulnerability
 A - 4 scrolls of blinking
Potions
 a - 3 potions of mutation {unknown}
 d - 4 potions of degeneration {unknown}
 f - 7 potions of brilliance
 g - a potion of magic {unknown}
 i - 7 potions of heal wounds {unknown}
 n - 2 potions of invisibility
 p - 3 potions of resistance
 r - 4 potions of flight {unknown}
 t - 12 potions of curing
 K - 2 potions of cancellation {unknown}
 L - 2 potions of haste {unknown}
 M - a potion of might {unknown}
 O - 2 potions of ambrosia {unknown}
 T - a potion of lignification {unknown}


   Skills:
 + Level 14.9 Fighting
 + Level 15.4 Axes
 + Level 14.6 Armour
 + Level 13.5 Dodging
 + Level 13.8 Shields


You had 13 spell levels left.
You didn't know any spells.
Your spell library was empty.

Dungeon Overview and Level Annotations

Branches:
Dungeon (14/15)            Temple (0/1) D:5            Lair (5/5) D:9
 Shoals (0/4) Lair:3       Spider (0/4) Lair:2        Slime (0/5) Lair:5
    Orc (0/2) D:10        Ossuary (visited)
 Vaults: D:13-14

Altars:
Cheibriados
Elyvilon
Fedhas
Gozag
Hepliaklqana
Kikubaaqudgha
Makhleb
Nemelex Xobeh
Qazlal
Ru
Sif Muna
Trog
Uskayaw
Jiyva

Shops:
D:4 [   D:11 ([

Portals:
Abyss: D:8

Annotations:
D:5 2 transporters, Blork the orc; carontestyx's ghost, novice FoFi
D:8 2 transporters, justbeatit's ghost, novice MiBe


Innate Abilities, Weirdness & Mutations

You have a pair of horns on your head.
You reflexively headbutt those who attack you in melee.


Message History

The death drake breathes miasma at you.
The foul vapour engulfs you but does no damage.
A catoblepas comes into view.
Unknown command.
You barely miss the death drake. Your headbutt misses the death drake.
The death drake is heavily wounded.
You are engulfed in dark miasma.
You are poisoned.
You feel very sick. The death drake misses you.
You slash the death drake! You burn the death drake.
The death drake is almost dead.
You are engulfed in dark miasma.
You are more poisoned.
You feel yourself slow down.
You feel extremely sick.
The death drake bites you but does no damage.
The catoblepas falls through a shaft!
The shaft crumbles and collapses.
The death drake bites you!
You hit the death drake. You burn the death drake.
You headbutt the death drake, but do no damage.
The death drake is almost dead.
You are engulfed in dark miasma.
You are lethally poisoned!
You feel extremely sick.
The death drake bites you but does no damage.
A red film seems to cover your vision as you go berserk!
You feel yourself moving faster!
You feel mighty!
You are engulfed in dark miasma.
You are lethally poisoned!
* * * LOW HITPOINT WARNING * * *
x2 You feel extremely sick.
The death drake bites you but does no damage. x2
You slice the death drake!! You burn the death drake.
You kill the death drake!
Trog accepts your kill.
You are engulfed in dark miasma.
You are more poisoned.
You feel as though you will be slow longer.
* * * LOW HITPOINT WARNING * * *
x2 You feel extremely sick.
You die...

#.########
.........#######
...............#
...............#
..........@..$.#
.........####.##
.........####
.........'..#
.........##.#
#+#########.#
########<#
........##
...##..[#


There were no monsters in sight!

Vanquished Creatures
  Snorg (D:10)
  Josephine (D:10)
  4 entropy weavers (Lair:4)
  Harold (D:10)
  A hydra (Lair:5)
  Fannar (D:10)
  3 ghost crabs (Lair:4)
  A catoblepas (D:13)
  5 two-headed ogres
  2 boulder beetles
  A death knight (D:14)
  Urug (Lair:5)
  Amaemon (Lair:2)
  2 skysharks (Lair:5)
  5 fire crabs (Lair:4)
  3 skeletal warriors (D:13)
  A death drake (shapeshifter) (D:14)
  Lodul (D:13)
  A phantasmal warrior (D:14)
  3 ugly things
  3 oklob plants (Lair:5)
  5 cyclopes
  3 manticores
  13 elephants
  7 black mambas
  3 merfolk sirens (Lair:3)
  An apocalypse crab (Lair:4)
  7 cane toads
  An orange demon (Lair:2)
  An unseen horror (D:10)
  A gargoyle (D:9)
  A kobold demonologist (D:12)
  An efreet (D:13)
  A freezing wraith (D:14)
  2 komodo dragons
  2 rime drakes
  A merfolk (Lair:3)
  2 trolls
  4 hornets (Lair:5)
  6 polar bears
  17 blink frogs
  Grinder (D:3)
  2 dream sheep (Lair:5)
  9 slime creatures
  13 spriggans (Lair:5)
  6 wraiths
  3 basilisks
  4 wyverns
  A water elemental (D:11)
  52 yaks
  Grum (Lair:1)
  4 vampire mosquitoes (D:12)
  A redback (Lair:2)
  A steam dragon (D:9)
  An acid dragon (D:8)
  8 water moccasins
  An ice beast (D:7)
  5 orc warriors
  6 black bears
  2 sky beasts
  5 boggarts (Lair:5)
  8 ogres
  33 wolves
  6 centaurs
  10 bullfrogs
  3 kobold brigands (D:9)
  3 gnoll sergeants
  7 scorpions
  17 wights
  6 killer bees
  4 howler monkeys
  8 orc priests
  A hound (D:5)
  2 centaur zombies (Ossuary)
  2 jellies
  2 human zombies (Ossuary)
  2 gnoll boudas
  2 iguanas
  4 orc wizards
  5 scorpion zombies (Ossuary)
  3 mummies (Ossuary)
  Robin (D:2)
  8 adders
  26 gnolls
  3 white imps
  2 ufetubi
  6 worms
  2 dart slugs
  37 orcs
  11 ball pythons
  4 endoplasms
  10 giant cockroaches
  13 goblins
  8 hobgoblins
  4 jackals (D:4)
  4 quokkas
  9 bats
  2 frilled lizards
  2 gnoll zombies (Ossuary)
  3 goblin zombies (Ossuary)
  A hobgoblin zombie (Ossuary)
  14 kobolds
  4 rats
  A bush (Lair:5)
550 creatures vanquished.

Vanquished Creatures (collateral kills)
  A skeletal warrior (D:13)
1 creature vanquished.

Vanquished Creatures (others)
  An entropy weaver (Lair:4)
  14 fungi
  25 plants
40 creatures vanquished.

Grand Total: 591 creatures vanquished

Notes
Turn   | Place    | Note
-------+----------+-------------------------------------------
     0 | D:1      | LLlMATKO the Minotaur Berserker began the quest for the
                  | Orb.
     0 | D:1      | Reached XP level 1. HP: 19/19 MP: 0/0
   106 | D:1      | Reached XP level 2. HP: 25/27 MP: 1/1
   305 | D:1      | You fall into a shaft and drop 1 floor!
   342 | D:2      | Reached skill level 4 in Axes
   435 | D:2      | Reached XP level 3. HP: 32/33 MP: 2/2
   483 | D:2      | Reached ** piety under Trog
   879 | D:2      | Reached XP level 4. HP: 40/41 MP: 3/3
  1050 | D:2      | Noticed Robin
  1059 | D:2      | Killed Robin
  1138 | D:2      | Found a faded altar of an unknown god.
  1512 | D:3      | Noticed Grinder
  1522 | D:3      | Paralysed by Grinder for 3 turns
  1527 | D:3      | Killed Grinder
  1528 | D:3      | Reached skill level 5 in Fighting
  1528 | D:3      | Reached skill level 5 in Axes
  1528 | D:3      | Reached XP level 5. HP: 33/48 MP: 4/4
  1528 | D:3      | Reached XP level 6. HP: 39/56 MP: 5/5
  1605 | D:3      | Found a hazy altar of Hepliaklqana.
  1617 | D:3      | Reached *** piety under Trog
  2126 | D:3      | Noticed a moth of wrath
  2129 | D:3      | Found a bloodstained altar of Trog.
  2479 | D:4      | Found an ancient bone altar of Kikubaaqudgha.
  2490 | D:4      | Found Leiskus's Antique Armour Emporium.
  2594 | D:4      | Bought a buckler for 126 gold pieces
  2643 | D:4      | Reached skill level 5 in Armour
  2643 | D:4      | Reached XP level 7. HP: 60/62 MP: 6/6
  2649 | D:4      | Noticed a +0 spear
  2649 | D:4      | Noticed a +0 falchion
  2649 | D:4      | Noticed a +0 short sword
  2649 | D:4      | Noticed a +0 dagger
  2649 | D:4      | Noticed a +0 falchion
  2650 | D:4      | Noticed a +0 spear
  2650 | D:4      | Noticed a +0 short sword
  2650 | D:4      | Noticed a +0 dagger
  2655 | D:4      | Found a hide-covered altar of Uskayaw.
  2726 | D:4      | Reached skill level 1 in Shields
  3219 | D:4      | Found a snail-covered altar of Cheibriados.
  3495 | D:5      | Entered Level 5 of the Dungeon
  3608 | D:5      | Found a transporter.
  3608 | D:5      | Noticed carontestyx's ghost (novice FoFi)
  3612 | D:5      | Found a transporter.
  3692 | D:5      | Reached skill level 6 in Axes
  3887 | D:5      | Found a burning altar of Makhleb.
  3907 | D:5      | Reached skill level 5 in Dodging
  3947 | D:5      | Found a sparkling altar of Nemelex Xobeh.
  4001 | D:5      | Reached **** piety under Trog
  4048 | D:5      | Noticed Blork the orc
  4058 | D:5      | Found a shimmering blue altar of Sif Muna.
  4198 | D:5      | Found a staircase to the Ecumenical Temple.
  4249 | D:5      | Reached XP level 8. HP: 63/71 MP: 7/7
  4709 | D:6      | Reached skill level 7 in Axes
  5056 | D:6      | Found a sacrificial altar of Ru.
  5056 | D:6      | Found a stormy altar of Qazlal.
  5234 | D:7      | Reached XP level 9. HP: 79/79 MP: 8/8
  5522 | D:7      | Reached skill level 5 in Shields
  5565 | D:7      | Reached skill level 8 in Axes
  6236 | D:8      | Found a sand-covered staircase.
  6240 | Ossuary  | Entered an ossuary
  6569 | D:8      | Reached XP level 10. HP: 86/90 MP: 9/9
  7031 | D:8      | Noticed justbeatit's ghost (novice MiBe)
  7040 | D:8      | Found a transporter.
  7045 | D:8      | Found a transporter.
  7063 | D:8      | Noticed a toenail golem
  7159 | D:8      | Reached skill level 9 in Axes
  7210 | D:8      | Found a one-way gate to the infinite horrors of the Abyss.
  7307 | D:9      | Noticed an elephant
  7308 | D:9      | Found a staircase to the Lair.
  7317 | D:9      | Killed an elephant
  7631 | D:9      | Noticed a gargoyle
  7639 | D:9      | Killed a gargoyle
  7943 | D:9      | Found an opulent altar of Gozag.
  7961 | D:9      | Reached ***** piety under Trog
  8266 | D:9      | Found a blossoming altar of Fedhas.
  8469 | Lair:1   | Entered Level 1 of the Lair of Beasts
  8672 | Lair:1   | Reached skill level 10 in Axes
  8713 | D:10     | Entered Level 10 of the Dungeon
  8995 | Lair:1   | Noticed Grum
  8999 | Lair:1   | Reached skill level 10 in Fighting
  9014 | Lair:1   | Killed Grum
  9033 | Lair:1   | Noticed a cane toad
  9039 | Lair:1   | Noticed a black mamba
  9041 | Lair:1   | Killed a cane toad
  9042 | Lair:1   | Reached XP level 11. HP: 59/99 MP: 10/10
 10113 | Lair:2   | Reached skill level 10 in Armour
 10469 | Lair:2   | Found a hole to the Spider Nest.
 10726 | Lair:2   | Reached skill level 11 in Axes
 11013 | Lair:2   | Noticed Amaemon
 11024 | Lair:2   | Killed Amaemon
 11025 | Lair:2   | Reached skill level 10 in Dodging
 11027 | Lair:2   | Reached XP level 12. HP: 65/110 MP: 11/11
 11588 | Lair:3   | Reached skill level 10 in Shields
 12149 | D:10     | Noticed a two-headed ogre
 12156 | D:10     | Killed a two-headed ogre
 12201 | D:10     | Noticed Harold
 12204 | D:10     | Noticed Snorg
 12213 | D:10     | Killed Harold
 12216 | D:10     | Killed Snorg
 12217 | D:10     | Reached skill level 12 in Axes
 12411 | D:10     | Noticed Josephine
 12422 | D:10     | Killed Josephine
 12748 | D:10     | Found a staircase to the Orcish Mines.
 12838 | D:10     | Noticed Fannar
 12852 | D:10     | Killed Fannar
 13177 | D:11     | Noticed a boulder beetle
 13192 | D:11     | Killed a boulder beetle
 13258 | D:11     | Found Liweinn's Armour Shoppe.
 13321 | D:11     | Found Socwiuj's Antique Weapon Boutique.
 13357 | D:11     | Noticed a two-headed ogre
 13368 | D:11     | Killed a two-headed ogre
 13876 | D:11     | Found a white marble altar of Elyvilon.
 14003 | D:11     | Noticed a two-headed ogre
 14014 | D:11     | Killed a two-headed ogre
 14400 | D:11     | Identified the +1 leather armour of Womon {+Inv}
 14456 | D:11     | Reached XP level 13. HP: 117/119 MP: 12/12
 15673 | D:12     | Reached skill level 13 in Axes
 16025 | D:13     | Noticed Lodul
 16030 | D:13     | Killed Lodul
 16929 | D:4      | Bought a glowing plate armour for 728 gold pieces
 17715 | Lair:3   | Received a gift from Trog
 17888 | Lair:3   | Found a staircase to the Shoals.
 18452 | Lair:4   | Reached XP level 14. HP: 128/130 MP: 13/13
 18716 | Lair:4   | Reached skill level 14 in Axes
 18874 | Lair:4   | Found a runed translucent door.
 20150 | Lair:4   | Identified the +7 long sword of Floods {freeze, Dex+2}
 20151 | Lair:4   | Identified the +6 halberd of Yredelemnul's Regard {heavy,
                  | rPois}
 20226 | Lair:5   | Entered Level 5 of the Lair of Beasts
 20227 | Lair:5   | Identified a scroll of acquirement
 20227 | Lair:5   | Acquired a manual of Axes
 20375 | Lair:5   | Noticed Urug
 20386 | Lair:5   | Killed Urug
 20697 | Lair:5   | Received a gift from Trog
 21073 | Lair:5   | Reached skill level 15 in Axes
 21439 | Lair:5   | Found a staircase to the Slime Pits.
 21446 | Lair:5   | Found a viscous altar of Jiyva.
 22485 | D:14     | Succumbed to poison (dark miasma)

Illustrated notes

Levels and vault maps discovered:
D:1:      ebering_trefoil_twist, layout_basic, minmay_split_cup_small
D:2:      layout_basic, shapermc_ecumenical_altar_notcrosses,
          minmay_pentomino_w4, uniq_robin
D:3:      layout_loops_ring, nicolae_overflow_hidden_temple, tgw_trog,
          uniq_grinder
D:4:      minmay_octagon_keep, layout_basic, old_standard_altar,
          nicolae_uskayaw_en_pointe, mainiacjoe_overflow_alcove_1, serial_shops,
          shop
D:5:      layout_basic, tgw_sif, mainiacjoe_overflow_catch_the_wave,
          temple_hall, gammafunk_ghost_mausoleum
D:6:      layout_basic, gammafunk_temple_overflow_pools
D:7:      layout_cave_pods
D:8:      layout_cave_pools, enter_ossuary_5, gammafunk_ghost_abyssal_escape
D:9:      layout_stronghold, fedhas_bush_and_centaur_altar, grunt_gozag_statues,
          david_lair_generic, kennysheep_generic_room_5
D:10:     layout_cave_pods, hiddenorc1_lemuel, uniq_snorg, uniq_fannar,
          uniq_josephine, uniq_harold
D:11:     layout_stronghold, serial_shops, shop, nicolae_shop_window_shopping,
          nicolae_elyvilon_temple_path
D:12:     layout_gridville, dreamdust_princess_bridge
D:13:     layout_gridville, uniq_lodul
D:14:     layout_basic, lightli_vaults_fourway_checkpoint, grunt_decor_fettered,
          tgw_lugonu_bribe
Lair:1:   layout_cave_pods, uniq_grum
Lair:2:   layout_long_grid, spider_nest_entry_webs, uniq_amaemon
Lair:3:   layout_gridlike, elwin_shoals_entry_stream, serial_forest,
          infiniplex_forest_clump_diagonal, infiniplex_forest_split,
          infiniplex_forest_straight_2, infiniplex_forest_clump_diagonal,
          infiniplex_forest_end_1, infiniplex_forest_straight_2,
          infiniplex_forest_lined_2, infiniplex_forest_end_double
Lair:4:   gammafunk_mikee_crab_dinner, layout_cave_shapes
Lair:5:   minmay_lair_end_enchanted_forest, layout_loops_ring,
          minmay_slime_entry_oklob_open, minmay_lair_oklob_bushes, uniq_urug

Skill      XL: |  1  2  3  4  5  6  7  8  9 10 11 12 13 14 |
---------------+-------------------------------------------+-----
Fighting       | 4 5 6 7 8 10 11 12 13 14 | 14.9
Axes           | 4 5 6 7 8 10 11 12 13 15 | 15.4
Armour         | 3 4 5 6 8 9 11 12 13 14 | 14.6
Dodging        | 3 4 5 6 7 8 10 11 12 13 | 13.5
Shields        | 2 4 6 8 9 11 12 13 | 13.8

Action                     |  1- 3 |  4- 6 |  7- 9 | 10-12 | 13-15 || total
---------------------------+-------+-------+-------+-------+-------++-------
  Melee: Hand axe          |    39 |       |     8 |       |       ||    47
         Headbutt          |     9 |    18 |    48 |    89 |   165 ||   329
         War axe           |    35 |   109 |   233 |   419 |   189 ||   985
         Punch             |     1 |     1 |       |       |       ||     2
         Broad axe         |       |       |       |       |   466 ||   466
  Throw: Throwing net      |       |       |       |     4 |     1 ||     5
 Invoke: Berserk           |     1 |     1 |     7 |    11 |    19 ||    39
         Trog's Hand       |       |       |     1 |       |     3 ||     4
         Brothers in Arms  |       |       |       |       |     1 ||     1
    Use: Scroll            |       |       |       |    15 |     3 ||    18
         Potion            |       |       |       |     1 |       ||     1
   Stab: Petrified         |       |       |       |       |    12 ||    12
         Petrifying        |       |       |       |       |     1 ||     1
 Armour: Animal skin       |    17 |       |       |       |       ||    17
         Chain mail        |     8 |    69 |    12 |       |       ||    89
         Ring mail         |       |       |   124 |   122 |    35 ||   281
         Plate armour      |       |       |       |       |   297 ||   297
  Dodge: Dodged            |    58 |    46 |   190 |   255 |   312 ||   861
  Block: Buckler           |       |       |    41 |   132 |   195 ||   368
